 Dungeon Crawl Stone Soup version 0.32-a0-868-g153ae1a8d6 (webtiles) character file.

Game seed: 7198060831471588542

180 jasper the Changeling (level 5, -3/36 HPs)
             Began as a Vampire Shapeshifter on Mar 28, 2024.
             Slain by an orc
             ... wielding a +0 flail
              (8 damage)
             ... on level 3 of the Dungeon.
             The game lasted 00:02:43 (1978 turns).

jasper the Changeling (Vampire Shapeshifter)        Turns: 1978, Time: 00:02:43

Health: -3/36      AC:  2    Str: 13    XL:     5   Next: 33%
Magic:  5/5        EV:  9    Int: 12    God:
Gold:   102        SH: 12    Dex: 16    Spells: 4/4 levels left

rFire   . .          .
                       - Unarmed
rCold   . . .        h - +0 kite shield
rNeg    . . .        a - +0 animal skin
rPois   .            (helmet currently unavailable)
rElec   .            (cloak currently unavailable)
rCorr   .            (gloves currently unavailable)
SInv    +            (boots currently unavailable)
Will    .....        j - amulet of reflection
Stlth   +            (no ring)
HPRegen 0.46/turn    (no ring)
MPRegen 0.09/turn

%: reflection
@: beast-form, healing quickly
A: beast (slay +3), alive, fangs 3, see invisible, vampiric 2
a: Exsanguinate, Begin Untransformation


You were on level 3 of the Dungeon.
You were a hulking beast.
You visited 1 branch of the dungeon, and saw 3 of its levels.

You collected 102 gold pieces.

Inventory:

Missiles
 e - 26 stones (quivered)
Armour
 a - a +0 animal skin (worn)
 h - a +0 kite shield (worn)
 k - a +0 pair of boots
 m - a +0 leather armour
 n - a +0 pair of gloves
 p - a +0 cloak
Jewellery
 j - an amulet of reflection (around neck)
Talismans
 c - a beast talisman (active)
 d - a flux talisman
Scrolls
 i - 2 scrolls of teleportation
 o - 2 scrolls of noise
 q - a scroll of blinking {unknown}
Potions
 b - 2 potions of lignification
 f - a potion of magic {unknown}
 g - a potion of cancellation {unknown}
 l - a potion of heal wounds {unknown}


   Skills:
 - Level 0.8 Fighting
 - Level 2.1 Dodging
 - Level 3.2 Unarmed Combat
 + Level 6.3 Shapeshifting


You had 4 spell levels left.
You didn't know any spells.
Your spell library contained the following spells:

 Spells                   Type           Power      Damage    Failure   Level
 Apportation              Tloc           0%         N/A       80%         1
 Jinxbite                 Hex            0%         N/A       91%         2
 Call Canine Familiar     Summ           0%         N/A       99%         3
 Sigil of Binding         Hex            0%         N/A       99%         3
 Dimensional Bullseye     Hex/Tloc       0%         N/A       100%        4
 Alistair's Intoxication  Alch           0%         N/A       100%        5


Dungeon Overview and Level Annotations

Branches:
Dungeon (3/15)

Altars:
Vehumet


Innate Abilities, Weirdness & Mutations

You are a hulking beast.
Your limbs bulge with bestial killing power. (Slay +3)
Your natural rate of healing is accelerated.
You have razor-sharp teeth.
You have supernaturally acute eyesight. (SInv)
You are afflicted with vampirism and can become a bat while bloodless.


Message History

The orc wizard is severely wounded.
The orc wizard points at you and mumbles some strange words.
You block the puff of flame... and reflect it back!
The puff of flame hits the orc wizard.
You kill the orc wizard!
Your Shapeshifting skill increases to level 6!
You have reached level 5!
You feel agile.
You regained 2 hp, and now have 10/36 hp.
MP restored: 5 You punch the orc wizard!
The orc wizard is heavily wounded.
You block the orc wizard's attack.
The orc wizard hits you with a +0 dagger of speed.
* * * LOW HITPOINT WARNING * * *
You take 2 damage, and have 9/36 hp.
You hit the orc wizard.
The orc wizard is almost dead.
The orc wizard hits you with a +0 dagger of speed.
* * * LOW HITPOINT WARNING * * *
The orc wizard hits you with a +0 dagger of speed.
* * * LOW HITPOINT WARNING * * *
You take 3 damage, and have 6/36 hp.
You hit the orc wizard.
You kill the orc wizard!
You barely miss the orc. Your bite misses the orc.
The orc hits you with a +0 flail.
* * * LOW HITPOINT WARNING * * *
You take 2 damage, and have 4/36 hp.
You closely miss the orc. You block the orc's attack.
You barely miss the orc. Your bite misses the orc.
The orc hits you with a +0 flail.
* * * LOW HITPOINT WARNING * * *
You hit the orc.
The orc is heavily wounded.
You block the orc's attack.
You hit the orc but do no damage.
The orc is heavily wounded.
The orc hits you with a +0 flail!
You die...

........# ........#
#########
........###########.......#
...)..............#.#######
........#########.#.#######
.<......# ..o.#.#.......#
#######.### #).o#.#######.#
###.......#.#.###.# #.#
......#...#...ooh.# #.#
###.#.############### #.#
#.#.#.............#####.#
#.#.#.###########.#.P...#
#.#..........# #..P..P.#
#.###.#.####.# #.P♣PP.P#
###...#.#....#.# #.P♣_P♣P#
......#.#.##.#.# #.....P.#
#######.#<#..#.# #......##


You could see 2 orcs.

Vanquished Creatures
  2 orc wizards (D:3)
  6 adders (D:2)
  A dart slug (D:2)
  5 ribbon worms
  An orc (D:3)
  8 endoplasms
  5 giant cockroaches (D:1)
  8 goblins
  3 hobgoblins
  4 jackals (D:2)
  3 kobolds
  2 quokkas
  2 ball pythons (D:1)
  6 bats
  2 frilled lizards
  6 rats
64 creatures vanquished.

Notes
Turn   | Place    | Note
-------+----------+-------------------------------------------
     0 | D:1      | jasper the Vampire Shapeshifter began the quest for the
                  | Orb.
     0 | D:1      | Reached XP level 1. HP: 14/14 MP: 1/1
   105 | D:1      | Reached XP level 2. HP: 20/20 MP: 2/2
   134 | D:1      | Reached skill level 4 in Shapeshifting
   320 | D:1      | Gained mutation: You are afflicted with vampirism and can
                  | become a bat while bloodless. [Vampire growth]
   320 | D:1      | Reached XP level 3. HP: 25/25 MP: 3/3
   722 | D:2      | Reached skill level 5 in Shapeshifting
   748 | D:2      | Reached XP level 4. HP: 31/31 MP: 4/4
  1460 | D:3      | Found a radiant altar of Vehumet.
  1847 | D:3      | Found a faded altar of an unknown god.
  1970 | D:3      | Reached skill level 6 in Shapeshifting
  1970 | D:3      | Reached XP level 5. HP: 10/36 MP: 5/5
  1978 | D:3      | Slain by an orc

Illustrated notes

Levels and vault maps discovered:
D:1:      dpeg_arrival_shrine, layout_rooms
D:2:      layout_basic, nicolae_figureground_sparkle
D:3:      layout_basic, lemuel_round_altar, mainiacjoe_overflow_chevrons,
          ebering_ecumenical_altar_petrified

Skill      XL: |  1  2  3  4 |
---------------+-------------+-----
Shapeshifting  | 4 5 6 |  6.3
Fighting       | |  0.8
Dodging        | |  2.1
Unarmed Combat | |  3.2

Action                     |  1- 3 |  4- 6 || total
---------------------------+-------+-------++-------
  Melee: Unarmed           |   102 |    74 ||   176
         Bite              |     7 |     6 ||    13
    Use: Scroll            |       |     3 ||     3
   Stab: Sleeping          |     1 |       ||     1
 Armour: Animal skin       |    40 |    31 ||    71
  Dodge: Dodged            |    51 |    17 ||    68
  Block: Kite shield       |    44 |    41 ||    85
         Reflection        |       |     4 ||     4

Table legend: (Time is in decaauts)
 A = Elapsed time spent in this place.
 B = Non-inter-level travel time spent in this place.
 C = Inter-level travel time spent in this place.
 D = Time resting spent in this place.
 E = Time spent auto-exploring this place.
 F = Levels seen in this place.
 G = Mean time per level.
                   A        B        C        D        E       F      G
               +--------+--------+--------+--------+--------+-----+--------+
         Total |   2001 |   1937 |     64 |      3 |   1426 |   3 |  667.0 |
       Dungeon |   2001 |   1937 |     64 |      3 |   1426 |   3 |  667.0 |
               +--------+--------+--------+--------+--------+-----+--------+

Top non-repeatable levels by time:
     D:2: 972 daAuts
     D:3: 540 daAuts
     D:1: 488 daAuts
